 Dungeon Crawl Stone Soup version 0.29.0 (webtiles) character file.

Game seed: 14953092865046711109

5171 kaikaun the Carver (level 10, 0/82 HPs)
             Began as a Gnoll Cinder Acolyte on Sept 2, 2022.
             Was a High Priest of Ignis.
             Shot with an arrow by a centaur (1 damage)
             ... on level 8 of the Dungeon.
             The game lasted 00:21:05 (9490 turns).

kaikaun the Carver (Gnoll Cinder Acolyte)           Turns: 9490, Time: 00:21:06

Health: 0/82       AC: 11    Str: 20    XL:     10   Next: 59%
Magic:  15/19      EV: 12    Int: 20    God:    Ignis [*****.]
Gold:   339        SH:  4    Dex:  8    Spells: 16/21 levels left

rFire   + . .      SeeInvis .   b - +11 hand axe "Daudyfep" {speed, rPois Str+4 Int+7 Stlth+}
rCold   + . .      Faith    .   l - +0 buckler
rNeg    . . .      Spirit   .   s - +0 leather armour of Eye-covered Happiness {rPois Str+2 Dex-4}
rPois   +          Reflect  .   (no helmet)
rElec   .          Harm     .   (no cloak)
rCorr   .          Rampage  .   n - +0 pair of gloves
Will    .....                   t - +0 pair of boots
Stlth   +++.......              (no amulet)
HPRegen 0.23/turn               z - ring of protection from cold
MPRegen 0.16/turn               (no ring)

@: ice-armoured, about to teleport
A: fangs 1, strong nose, distributed training
a: Renounce Religion, Fiery Armour, Foxfire Swarm, Rising Flame


You were on level 8 of the Dungeon.
You worshipped Ignis.
Ignis was extremely pleased with you.
You visited 2 branches of the dungeon, and saw 9 of its levels.

You collected 339 gold pieces.

Inventory:

Hand Weapons
 a - the +1 sling of the Boiling Point {vorpal, rC+ Will+}
   (You found it on level 4 of the Dungeon)

   Any ammunition fired from it inflicts extra damage upon your enemies.
   rC:        It protects you from cold.
   Will:      It increases your willpower.
 b - the +11 hand axe "Daudyfep" (weapon) {speed, rPois Str+4 Int+7 Stlth+}
   (You found it on level 2 of the Dungeon)

   Attacks with this weapon are significantly faster.
   Str:       It affects your strength (+4).
   Int:       It affects your intelligence (+7).
   rPois:     It protects you from poison.
   Stlth:     It makes you more stealthy.
 c - a -1 falchion of flaming
 I - a +2 quarterstaff of pain
 M - a -1 demon whip of venom
Missiles
 B - 2 throwing nets
 G - 5 silver javelins
 H - 2 boomerangs
 K - a curare-tipped dart
 L - 8 poisoned darts
Armour
 l - a +0 buckler (worn)
 n - a +0 pair of gloves (worn)
 s - the +0 leather armour of Eye-covered Happiness (worn) {rPois Str+2 Dex-4}
   (You found it on level 4 of the Dungeon)

   Str:       It affects your strength (+2).
   Dex:       It affects your dexterity (-4).
   rPois:     It protects you from poison.
 t - a +0 pair of boots (worn)
 v - a +0 tower shield
 A - an orb of guile
 J - a +1 ring mail of cold resistance
Magical Staves
 w - a staff of fire
 F - a staff of death
Jewellery
 z - a ring of protection from cold (left hand)
Wands
 u - a wand of charming (6)
 N - a wand of mindburst (1)
Scrolls
 e - 3 scrolls of magic mapping
 f - a scroll of blinking {unknown}
 k - 2 scrolls of teleportation
 q - a scroll of brand weapon {unknown}
 r - 2 scrolls of poison {unknown}
 y - 2 scrolls of fear {unknown}
 Q - a scroll of fog {unknown}
Potions
 d - 2 potions of flight
 g - a potion of heal wounds
 h - a potion of berserk rage
 i - 2 potions of curing
 j - a potion of mutation
 m - a potion of haste
 o - a potion of attraction
 p - a potion of resistance {unknown}
 x - a potion of might {unknown}
 C - a potion of degeneration {unknown}
 D - a potion of lignification {unknown}
 E - a potion of brilliance {unknown}
 O - 2 potions of ambrosia {unknown}
 P - a potion of cancellation {unknown}


   Skills:
 + Level 8.7 Fighting
 + Level 5.6 Short Blades
 + Level 8.7 Long Blades
 + Level 5.6 Axes
 + Level 5.6 Maces & Flails
 + Level 5.6 Polearms
 + Level 5.6 Staves
 + Level 5.6 Ranged Weapons
 + Level 5.6 Throwing
 + Level 5.6 Armour
 + Level 5.6 Dodging
 + Level 5.6 Stealth
 + Level 5.6 Shields
 + Level 5.6 Unarmed Combat
 + Level 6.3 Spellcasting
 + Level 4.6 Conjurations
 + Level 4.6 Hexes
 + Level 4.6 Summonings
 + Level 4.6 Necromancy
 + Level 4.6 Translocations
 + Level 4.6 Transmutations
 + Level 7.3 Fire Magic
 + Level 4.6 Ice Magic
 + Level 4.6 Air Magic
 + Level 4.6 Earth Magic
 + Level 4.6 Poison Magic
 + Level 6.2 Invocations
 + Level 5.6 Evocations


You had 16 spell levels left.
You knew the following spells:

 Your Spells              Type           Power      Damage    Failure   Level
a - Scorch                Fire           70%        2d8       1%          2
b - Ozocubu's Armour      Ice            25%        N/A       6%          3

Your spell library contained the following spells:

 Spells                   Type           Power      Damage    Failure   Level
 Static Discharge         Conj/Air       25%        3-7/arc   3%          2
 Sublimation of Blood     Necr           25%        N/A       3%          2
 Wereblood                Tmut           25%        N/A       3%          2
 Tukima's Dance           Hex            25%        N/A       6%          3
 Sticky Flame             Conj/Fire      30%        2d5       13%         4
 Dispel Undead            Necr           25%        3d12      22%         4
 Passage of Golubria      Tloc           25%        N/A       22%         4
 Yara's Violent Unravell  Hex/Tmut       12%        3d7       52%         5
 Ozocubu's Refrigeration  Ice            12%        4d10      100%        7
 Summon Hydra             Summ           12%        N/A       100%        7


Dungeon Overview and Level Annotations

Branches:
Dungeon (8/15)             Temple (1/1) D:7
   Lair: D:8-11

Altars:
Ashenzari
Cheibriados
Elyvilon
Fedhas
Gozag
Hepliaklqana
Kikubaaqudgha
Makhleb
Nemelex Xobeh
Okawaru
Qazlal
Ru
Sif Muna
Trog
Uskayaw
Vehumet
Wu Jian
Xom
Yredelemnul
Zin
The Shining One

Shops:
D:6 :


Innate Abilities, Weirdness & Mutations

You have very sharp teeth.
Your uncanny sense of smell can sniff out nearby items.
Your experience applies equally to all skills.


Message History

You hit the yak.
The yak is almost dead.
The yak gores you.
You slice the yak!!
You kill the yak!
You slash the yak!
The yak is moderately wounded.
The yak gores you!
* * * LOW HITPOINT WARNING * * *
You slash the yak!
The yak is heavily wounded.
You barely miss the yak.
The yak is heavily wounded.
The yak gores you!
* * * LOW HITPOINT WARNING * * *
Casting: Ozocubu's Armour (dangerous; 7% risk of failure)
Confirm with . or Enter, or press ? or * to list all spells.
Flames lash the yak.
The yak is almost dead.
The yak's fire resistance burns away.
You hear a shout!
Something shouts, "Flee, thou horrid limp-willed mule!"
The yak closely misses you.
Casting: Scorch (safe; 1% risk of failure)
Confirm with . or Enter, or press ? or * to list all spells.
Flames lash the yak.
The yak is burned terribly!
You kill the yak!
A centaur comes into view. It is wielding a +0 whip.
Unknown command.
As you read the scroll labelled PEVVABBIZ, it crumbles to dust.
You feel aware of your surroundings.
You sensed 1 altar.
It was a scroll of magic mapping.
The centaur unwields a +0 whip.
The centaur wields a +0 shortbow.
The centaur shoots an arrow.
The arrow closely misses you.
As you read the scroll labelled NUPTEY KUCVE, it crumbles to dust.
You feel strangely unstable.
It was a scroll of teleportation.
The centaur shoots an arrow.
The arrow hits you!
* * * LOW HITPOINT WARNING * * *
The centaur shoots an arrow.
The arrow hits you.
You die...

#.# *****,** **,
#########.############,,,**,***,*
........#..)).........,*,***,*,**
#######)######.###.###,.,****,**
*######.######.# *,**,..,,* *,*
.........))....# *,*#..,,,***,***
###.###..####### *,.c,,,,,,,,,,,,
#.#.....#...####.#*,,,,,***,***
#...#.....#...@†.#*,∆,,,* *,***
##.....#....####.#***,*****,,,,
#..#.....#.# *,#***,,,,,,,,,,
#..........# *,,,************
#.....###### ***,* * ####### *,*
* *,* ********** *,* *,,,,,,,,*
*,* *>******,*


You could see a centaur.

Vanquished Creatures
  Amaemon (D:8)
  Joseph (D:7)
  An orange demon (D:8)
  A troll (D:6)
  Prince Ribbit (D:7)
  A wyvern (D:8)
  5 yaks (D:8)
  3 water moccasins
  2 ice beasts (D:7)
  2 orc warriors
  A black bear (D:8)
  2 ogres
  2 centaurs
  A phantom (D:6)
  A kobold brigand (D:8)
  2 bullfrogs
  A gnoll sergeant (D:8)
  A necrophage (D:5)
  3 scorpions
  8 killer bees
  3 howler monkeys (D:8)
  6 hounds
  A jelly (D:7)
  3 orc priests (D:7)
  A gnoll bouda (D:6)
  2 iguanas (D:6)
  An orc wizard (D:6)
  5 adders
  12 gnolls
  2 worms (D:4)
  A dart slug (D:1)
  20 orcs
  10 ball pythons
  4 bats
  11 endoplasms
  3 giant cockroaches
  5 hobgoblins
  3 jackals (D:1)
  14 kobolds
  A quokka (D:1)
  2 goblins
  5 rats
155 creatures vanquished.

Notes
Turn   | Place    | Note
-------+----------+-------------------------------------------
     0 | D:1      | kaikaun the Gnoll Cinder Acolyte began the quest for the
                  | Orb.
     0 | D:1      | Reached XP level 1. HP: 23/23 MP: 4/4
    79 | D:1      | Reached XP level 2. HP: 25/29 MP: 5/5
    82 | D:1      | Learned a level 2 spell: Scorch
   651 | D:1      | Reached XP level 3. HP: 31/35 MP: 7/7
  1039 | D:2      | Noticed a golden eye
  1040 | D:2      | Found a faded altar of an unknown god.
  1050 | D:2      | Noticed a great orb of eyes
  1054 | D:2      | Noticed an eye of devastation
  1185 | D:2      | Reached skill level 1 in Invocations
  1501 | D:2      | Identified the +11 hand axe "Daudyfep" {speed, rPois Str+4
                  | Int+7 Stlth+}
  1652 | D:2      | Found a radiant altar of Vehumet.
  1888 | D:2      | Reached skill level 1 in Short Blades
  1888 | D:2      | Reached skill level 1 in Axes
  1888 | D:2      | Reached skill level 1 in Maces & Flails
  1888 | D:2      | Reached skill level 1 in Polearms
  1888 | D:2      | Reached skill level 1 in Staves
  1888 | D:2      | Reached skill level 1 in Ranged Weapons
  1888 | D:2      | Reached skill level 1 in Throwing
  1888 | D:2      | Reached skill level 1 in Armour
  1888 | D:2      | Reached skill level 1 in Dodging
  1888 | D:2      | Reached skill level 1 in Stealth
  1888 | D:2      | Reached skill level 1 in Shields
  1888 | D:2      | Reached skill level 1 in Unarmed Combat
  1888 | D:2      | Reached skill level 1 in Evocations
  2087 | D:2      | Noticed a shining eye
  2180 | D:3      | Reached XP level 4. HP: 41/41 MP: 8/8
  2876 | D:4      | Noticed a scorpion
  2881 | D:4      | Killed a scorpion
  2882 | D:4      | Reached skill level 1 in Conjurations
  2882 | D:4      | Reached skill level 1 in Hexes
  2882 | D:4      | Reached skill level 1 in Summonings
  2882 | D:4      | Reached skill level 1 in Necromancy
  2882 | D:4      | Reached skill level 1 in Translocations
  2882 | D:4      | Reached skill level 1 in Transmutations
  2882 | D:4      | Reached skill level 1 in Ice Magic
  2882 | D:4      | Reached skill level 1 in Air Magic
  2882 | D:4      | Reached skill level 1 in Earth Magic
  2882 | D:4      | Reached skill level 1 in Poison Magic
  2882 | D:4      | Reached XP level 5. HP: 47/47 MP: 4/9
  3067 | D:4      | Reached XP level 6. HP: 53/53 MP: 5/11
  3370 | D:4      | Identified the +0 leather armour of Eye-covered Happiness
                  | {rPois Str+2 Dex-4}
  3619 | D:4      | Identified the +1 sling of the Boiling Point {vorpal, rC+
                  | Will+}
  3653 | D:5      | Entered Level 5 of the Dungeon
  3682 | D:5      | Noticed a water moccasin
  3687 | D:5      | Killed a water moccasin
  3693 | D:5      | Reached XP level 7. HP: 54/60 MP: 6/12
  4077 | D:5      | Found a basalt altar of Yredelemnul.
  4968 | D:6      | Reached XP level 8. HP: 67/67 MP: 10/14
  5010 | D:6      | Found Voserus's Book Shop.
  5260 | D:6      | Found an opulent altar of Gozag.
  5480 | D:6      | Noticed a troll
  5489 | D:6      | HP: 1/67 [troll (6)]
  5490 | D:6      | Killed a troll
  6171 | D:6      | Found a glowing silver altar of Zin.
  6732 | D:7      | Reached XP level 9. HP: 58/73 MP: 16/16
  6830 | D:7      | Reached skill level 5 in Spellcasting
  7900 | D:7      | Noticed Joseph
  7916 | D:7      | Killed Joseph
  7917 | D:7      | Reached skill level 5 in Invocations
  8466 | D:7      | Found a staircase to the Ecumenical Temple.
  8473 | Temple   | Entered the Ecumenical Temple
  8615 | D:7      | Noticed Prince Ribbit
  8621 | D:7      | Killed Prince Ribbit
  8891 | D:8      | Learned a level 3 spell: Ozocubu's Armour
  9011 | D:8      | Noticed Amaemon
  9020 | D:8      | Noticed an orange demon
  9029 | D:8      | Reached skill level 5 in Short Blades
  9029 | D:8      | Reached skill level 5 in Axes
  9029 | D:8      | Reached skill level 5 in Maces & Flails
  9029 | D:8      | Reached skill level 5 in Polearms
  9029 | D:8      | Reached skill level 5 in Staves
  9029 | D:8      | Reached skill level 5 in Ranged Weapons
  9029 | D:8      | Reached skill level 5 in Throwing
  9029 | D:8      | Reached skill level 5 in Armour
  9029 | D:8      | Reached skill level 5 in Dodging
  9029 | D:8      | Reached skill level 5 in Stealth
  9029 | D:8      | Reached skill level 5 in Shields
  9029 | D:8      | Reached skill level 5 in Unarmed Combat
  9029 | D:8      | Reached skill level 5 in Evocations
  9029 | D:8      | Reached XP level 10. HP: 47/81 MP: 7/18
  9037 | D:8      | Killed Amaemon
  9046 | D:8      | Killed an orange demon
  9490 | D:8      | HP: 1/82 [centaur/arrow (7)]
  9490 | D:8      | Shot with an arrow by a centaur

Illustrated notes

Levels and vault maps discovered:
D:1:      lightli_molten_gateway, layout_loops_cross,
          minmay_misc_feat_secret_circle
D:2:      layout_basic, serial_co_window_serial, co_window_cross_1,
          co_window_paths_a, co_window_cross_1, co_window_of_opportunity_a,
          co_window_paths_b, co_window_cross_3, co_window_corner_b,
          co_window_corner_b, co_window_paths_c, co_window_4corner_a,
          glass_columns_c, glass_columns_b, glass_columns_b, glass_columns_b,
          hellmonk_ecumenical_altar_watching_god, basic_altar
D:3:      layout_loops_corners
D:4:      layout_loops_cross
D:5:      layout_gridville, mainiacjoe_overflow_small_starburst
D:6:      layout_layer_cave, amcnicky_altar_gilded,
          nicolae_overflow_crystal_walls, serial_shops, nicolae_shop_stone
D:7:      layout_layer_cave, minmay_temple_entry_enclosed_plants,
          small_statue_intersection, uniq_joseph, uniq_prince_ribbit1
D:8:      layout_loops_ring, mainiacjoe_overflow_alcove_4,
          minmay_misc_feat_five, minmay_manual_mandibuliform, uniq_grum,
          uniq_erica, uniq_amaemon
Temple:   nicolae_temple_two_arcs

Skill      XL: |  1  2  3  4  5  6  7  8  9 10 |
---------------+-------------------------------+-----
Invocations    | 1 2 3 4 5 6 |  6.2
Short Blades   | 1 2 3 5 |  5.6
Axes           | 1 2 3 5 |  5.6
Maces & Flails | 1 2 3 5 |  5.6
Polearms       | 1 2 3 5 |  5.6
Staves         | 1 2 3 5 |  5.6
Ranged Weapons | 1 2 3 5 |  5.6
Throwing       | 1 2 3 5 |  5.6
Armour         | 1 2 3 5 |  5.6
Dodging        | 1 2 3 5 |  5.6
Stealth        | 1 2 3 5 |  5.6
Shields        | 1 2 3 5 |  5.6
Unarmed Combat | 1 2 3 5 |  5.6
Evocations     | 1 2 3 5 |  5.6
Spellcasting   | 3 4 5 6 |  6.3
Conjurations   | 1 2 3 4 |  4.6
Hexes          | 1 2 3 4 |  4.6
Summonings     | 1 2 3 4 |  4.6
Necromancy     | 1 2 3 4 |  4.6
Translocations | 1 2 3 4 |  4.6
Transmutations | 1 2 3 4 |  4.6
Ice Magic      | 1 2 3 4 |  4.6
Air Magic      | 1 2 3 4 |  4.6
Earth Magic    | 1 2 3 4 |  4.6
Poison Magic   | 1 2 3 4 |  4.6
Fighting       | 7 8 |  8.7
Long Blades    | 7 8 |  8.7
Fire Magic     | 6 7 |  7.3

Action                   |  1- 3 |  4- 6 |  7- 9 | 10-12 || total
-------------------------+-------+-------+-------+-------++-------
Melee: Falchion          |    72 |       |       |       ||    72
       Bite              |     4 |       |    15 |     6 ||    25
       Hand axe          |    11 |    36 |   135 |    65 ||   247
 Fire: Sling             |       |    11 |   105 |    13 ||   129
 Cast: Scorch            |     3 |    11 |    39 |     6 ||    59
       Ozocubu's Armour  |       |       |     1 |     2 ||     3
Invok: Fiery Armour      |       |       |     1 |     1 ||     2
  Use: Scroll            |       |     4 |     1 |     2 ||     7
       Potion            |       |       |       |     2 ||     2
 Stab: Sleeping          |     4 |     6 |       |       ||    10
Armor: Robe              |     6 |       |       |       ||     6
       Leather armour    |     5 |     7 |    38 |     9 ||    59
Dodge: Dodged            |    35 |    18 |    71 |    24 ||   148
Block: Buckler           |       |       |    18 |     6 ||    24
